AoeStats
← Stu Popz

African Clearing

505731982Analyzed
3v3 RM · 22d ago on Sep 10, 2026· 77m 21s· 6 players
Game mode
Random Map
Map size
Normal (6 player)
Population
200
Speed
Normal
Resources
Standard
Victory
Conquest
Starting age
Dark Age
Ending age
Imperial Age
RankedLock teamsTeams togetherTeam positionsShared explorationLock speedFull tech treeHidden civsTurbo modeCheats
Victory
Defeat
🇩🇿 Franks · Algeria
1098
+12
🇨🇱 Mongols · Chile
992
+17
🇨🇴 Goths · Colombia
934
+20
🇬🇧 Sicilians · United Kingdom
1023
-17
🇬🇧 Franks · United Kingdom
1022
-17
🇬🇧 Tupi · United Kingdom
979
-15
eL_MataTan
3:54 Loom
13:24 Feudal Age
15:14 Man-at-Arms
17:56 Double-Bit Axe
19:27 Scale Mail Armor
26:00 Castle Age
27:01 Horse Collar
27:56 Town Watch
48:55 Wheelbarrow
53:20 Stone Mining
60:41 Imperial Age
58:32 Hand Cart
59:03 Padded Archer Armor
59:08 Gold Mining
59:48 Bow Saw
59:47 Fletching
60:11 Scale Barding Armor
60:50 Leather Archer Armor
61:53 Ballistics
62:43 Gold Shaft Mining
62:17 Bodkin Arrow
63:49 Bracer
64:10 Chain Barding Armor
64:01 Forging
65:06 Chemistry
64:44 Conscription
66:07 Murder Holes
66:07 Elite Mangudai
68:52 Crossbowman
69:37 Thumb Ring
69:22 Arbalester
73:30 Heavy Camel Rider
74:21 Bloodlines
74:53 Iron Casting
77:43 Stone Shaft Mining
77:49 Parthian Tactics
76:46 Heavy Cavalry Archer
duvanvaron1
6:43 Loom
18:51 Feudal Age
19:25 Man-at-Arms
26:34 Castle Age
24:48 Stone Mining
25:00 Double-Bit Axe
38:39 Fletching
49:59 Wheelbarrow
52:35 Bow Saw
54:20 Hand Cart
54:29 Gold Mining
59:01 Imperial Age
58:33 Horse Collar
59:57 Heavy Plow
60:24 Long Swordsman
61:04 Squires
60:25 Pikeman
62:12 Stone Shaft Mining
61:02 Two-Handed Swordsman
62:00 Champion
62:52 Scale Mail Armor
63:16 Town Watch
63:55 Perfusion
64:19 Conscription
67:20 Crop Rotation
67:25 Ballistics
68:48 Two-Man Saw
68:43 Chain Mail Armor
68:44 Forging
68:29 Bodkin Arrow
68:34 Padded Archer Armor
68:01 Elite Skirmisher
69:31 Bodkin Arrow
70:58 Iron Casting
72:15 Bracer
72:31 Leather Archer Armor
73:34 Caravan
76:33 Blast Furnace
76:03 Ring Archer Armor
76:31 Elite Huskarl
77:12 Anarchy
76:42 Sappers
78:44 Chemistry
77:55 Masonry
77:41 Murder Holes
ayoubDZtv
6:01 Loom
12:36 Feudal Age
19:47 Castle Age
18:12 Double-Bit Axe
21:54 Scale Mail Armor
22:03 Scale Barding Armor
25:33 Husbandry
27:29 Forging
32:16 Chain Barding Armor
36:45 Wheelbarrow
35:56 Town Watch
38:16 Iron Casting
38:29 Bow Saw
41:21 Fortified Wall
43:58 Imperial Age
43:36 Light Cavalry
44:01 Cavalier
45:42 Blast Furnace
45:18 Plate Barding Armor
44:58 Gold Mining
45:25 Hand Cart
45:22 Masonry
45:06 Fletching
45:51 Conscription
46:51 Paladin
55:59 Caravan
56:32 Coinage
59:29 Bodkin Arrow
62:38 Padded Archer Armor
63:00 Ballistics
63:41 Chemistry
63:58 Chemistry
63:30 Architecture
63:05 Siege Engineers
62:31 Elite Skirmisher
68:20 Murder Holes
VeteranBluenose
14:03 Feudal Age
17:32 Scale Mail Armor
17:53 Double-Bit Axe
18:27 Forging
19:20 Fletching
26:38 Castle Age
27:57 Bodkin Arrow
36:56 Wheelbarrow
36:07 Loom
36:29 Pikeman
39:36 Chain Mail Armor
39:57 Iron Casting
50:15 Imperial Age
48:26 Hand Cart
49:48 First Crusade
51:31 Plate Mail Armor
50:53 Halberdier
53:15 Blast Furnace
52:29 Elite Serjeant
60:37 Bow Saw
63:59 Conscription
Clockwork Geoff
5:19 Loom
13:46 Feudal Age
14:19 Double-Bit Axe
24:18 Castle Age
22:22 Horse Collar
25:32 Fletching
32:47 Pikeman
38:04 Imperial Age
42:00 Halberdier
43:40 Bodkin Arrow
56:06 Forging
55:57 Bracer
57:45 Iron Casting
61:35 Elite Blackwood Archer
62:22 Curare
65:18 Ballistics
65:58 Chemistry
Stu Popz
9:41 Loom
13:37 Feudal Age
14:58 Double-Bit Axe
20:35 Castle Age
21:09 Scale Barding Armor
24:09 Forging
33:34 Fletching
34:07 Pikeman
40:38 Imperial Age
41:20 Wheelbarrow
41:46 Conscription
40:54 Cavalier
41:44 Scale Mail Armor
42:58 Hand Cart
42:29 Town Watch
46:50 Halberdier
47:47 Chain Mail Armor
48:09 Iron Casting
72:18 Light Cavalry
72:59 Husbandry
73:23 Chain Barding Armor
74:04 Blast Furnace
73:00 Bodkin Arrow
74:48 Elite Skirmisher
75:56 Padded Archer Armor
76:32 Plate Barding Armor
Connection lost

Rejoining the realm…

Still unreachable

The connection could not be restored.

Session expired

The server has moved on; the page needs a fresh start.